AoeStats
← primo78n

Arena

505366076Analyzed
2v2 RM · 24d ago on Sep 9, 2026· 58m 33s· 4 players
Game mode
Random Map
Map size
Medium (4 player)
Population
200
Speed
Normal
Resources
Standard
Victory
Conquest
Starting age
Dark Age
Ending age
Imperial Age
RankedLock teamsTeams togetherTeam positionsShared explorationLock speedFull tech treeHidden civsTurbo modeCheats
Victory
Defeat
🇦🇷 Mongols · Argentina
1035
+15
🇦🇷 Hindustanis · Argentina
1031
+15
🇺🇸 Spanish · United States
1017
-15
🇺🇸 Koreans · United States
1007
-15
wheatiezermin
5:09 Loom
5:34 Loom
10:31 Feudal Age
14:52 Castle Age
20:36 Squires
20:23 Gambesons
34:26 Fletching
41:11 Bodkin Arrow
41:36 Horse Collar
42:13 Double-Bit Axe
47:55 Eupseong
49:09 Pikeman
50:02 Forging
49:52 Scale Mail Armor
53:06 Imperial Age
53:14 Halberdier
CommonHero
11:58 Feudal Age
10:14 Loom
13:09 Double-Bit Axe
13:49 Stone Mining
16:40 Castle Age
22:27 Fletching
23:17 Horse Collar
24:18 Bow Saw
28:01 Husbandry
28:12 Bloodlines
28:41 Bodkin Arrow
28:47 Padded Archer Armor
31:05 Wheelbarrow
30:17 Town Watch
32:28 Hand Cart
32:17 Town Patrol
35:37 Imperial Age
34:35 Ballistics
35:18 Gold Mining
37:18 Chemistry
36:10 Elite Conquistador
37:17 Conscription
37:11 Heavy Plow
37:26 Bracer
37:41 Leather Archer Armor
40:53 Light Cavalry
41:41 Scale Barding Armor
41:47 Forging
46:10 Fortified Wall
48:39 Hussar
50:16 Iron Casting
50:02 Chain Barding Armor
54:43 Caravan
54:22 Pikeman
55:04 Squires
54:54 Arson
55:47 Plate Barding Armor
55:15 Scale Mail Armor
56:15 Blast Furnace
56:50 Halberdier
58:27 Gambesons
primo78n
7:23 Loom
9:16 Feudal Age
10:27 Horse Collar
10:38 Double-Bit Axe
13:30 Wheelbarrow
17:02 Castle Age
17:19 Stone Mining
17:54 Bow Saw
17:46 Heavy Plow
20:40 Hand Cart
21:25 Forging
21:16 Scale Mail Armor
21:48 Gold Mining
25:06 Iron Casting
26:53 Chain Mail Armor
32:28 Fletching
35:26 Imperial Age
35:40 Town Watch
35:37 Elite Ghulam
36:22 Squires
36:08 Arson
37:26 Blast Furnace
37:52 Grand Trunk Road
37:26 Heavy Camel Rider
38:08 Husbandry
38:57 Gold Shaft Mining
38:58 Stone Shaft Mining
39:50 Bloodlines
40:50 Scale Barding Armor
40:15 Imperial Camel Rider
42:45 Chain Barding Armor
50:58 Conscription
57:59 Fortified Wall
TIYA
5:16 Loom
9:36 Feudal Age
10:18 Double-Bit Axe
15:49 Castle Age
15:00 Stone Mining
15:04 Gold Mining
17:12 Fletching
21:54 Loom
32:27 Wheelbarrow
34:13 Bow Saw
37:52 Bodkin Arrow
42:09 Ballistics
42:08 Scale Barding Armor
46:51 Imperial Age
45:50 Horse Collar
46:57 Bloodlines
46:35 Pikeman
48:40 Chain Barding Armor
48:35 Heavy Plow
50:14 Bracer
51:27 Chemistry
51:49 Husbandry
51:48 Elite Mangudai
55:06 Gold Shaft Mining
54:24 Capped Ram
Connection lost

Rejoining the realm…

Still unreachable

The connection could not be restored.

Session expired

The server has moved on; the page needs a fresh start.